Map: [ESL] Waterfall

Players

Control

  • Race: Terran Terran
  • Spawn Location: 1:00

Aristori - Winner!

  • Race: Zerg Zerg
  • Spawn Location: 7:00

Event: DreamHack SC2 Masters 2022 Valencia

VOD

Have the link to the VOD?

Description

Time

  • Played on: July 1, 2022, 7:11 a.m.
  • Length: 12:18

All games in this series

Show
View Real Time Build Order
Export as new Build Order

Control Terran 

Build Orders: Hellion Opening, Reaper Expand 

Get SALT Encoding   

  12  0:00  SCV  
  13  0:12  SCV  
  14  0:17  Supply Depot  
  14  0:24  SCV  
  15  0:39  SCV  
  15  0:40  Barracks  
  16  0:44  Refinery  
  16  0:51  SCV  
  17  1:03  SCV  
  18  1:15  SCV  
  19  1:28  Orbital Command, Reaper  
  20  1:42  Command Center  
  20  1:52  Supply Depot  
  20  1:53  SCV  
  21  2:00  Marine  
  22  2:05  SCV  
  23  2:09  Factory  
  23  2:14  Refinery  
  23  2:21  Barracks Reactor  
  23  2:24  SCV  
  24  2:36  SCV  
  25  2:48  SCV  
  26  2:58  Starport  
  26  2:59  Orbital Command  
  26  3:01  SCV  
  27  3:08  Supply Depot  
  27  3:11  Hellion x2  
  31  3:13  SCV, Marine  
  33  3:25  SCV  
  33  3:26  SCV  
  35  3:35  Hellion x2  
  35  3:36  Viking  
  35  3:37  Barracks Tech Lab, SCV  
  35  3:38  SCV  
  43  3:49  SCV  
  43  3:50  SCV  
  45  3:58  Hellion x2  
  45  4:00  Supply Depot  
  45  4:01  SCV  
  45  4:02  SCV  
  51  4:13  SCV  
  51  4:14  SCV  
  53  4:21  Liberator  
  53  4:23  Hellion x2  
  60  4:24  Supply Depot  
  60  4:25  SCV  
  60  4:26  SCV  
  62  4:34  Command Center  
  62  4:39  Supply Depot  
  62  4:44  Stimpack  
  62  4:46  SCV x2  
  64  4:58  SCV x2  
  66  5:03  Factory Reactor  
  66  5:05  Barracks  
  66  5:10  SCV x2, Starport Reactor  
  66  5:11  Marine  
  69  5:22  SCV x2  
  69  5:26  Supply Depot  
  71  5:29  Marine  
  71  5:34  SCV x2  
  71  5:36  Barracks  
  71  5:46  Engineering Bay, SCV x2  
  71  5:48  Engineering Bay, Supply Depot  
  71  5:49  Orbital Command  
  73  5:50  Factory Tech Lab, Marine  
  74  5:57  Marine  
  74  5:58  SCV x2  
  74  5:59  Marine  
  78  6:05  Refinery  
  78  6:06  Refinery  
  78  6:07  Marine  
  78  6:10  SCV x2  
  81  6:14  Siege Tank  
  81  6:15  Marine  
  81  6:17  Medivac  
  81  6:18  Medivac  
  89  6:23  SCV x2  
  91  6:32  Marine  
  84  6:33  Marine  
  84  6:34  Marine  
  84  6:35  SCV  
  82  6:45  Barracks, Terran Infantry Armor Level 1, Terran Infantry Weapons Level 1  
  82  6:46  Combat Shield, Barracks, Marine  
  79  6:47  Marine  
  79  6:50  SCV x2, Marine  
  79  6:51  Marine x2  
  79  6:52  Orbital Command  
  85  6:57  Supply Depot  
  85  7:02  SCV x2  
  85  7:03  Marine  
  85  7:05  Marine  
  85  7:07  Marine  
  90  7:14  SCV x2  
  92  7:17  Marine  
  92  7:19  SCV  
  94  7:24  Supply Depot x2, Marine x2  
  94  7:26  SCV x2, Siege Tank  
  101  7:30  Supply Depot  
  101  7:31  SCV, Marine  
  101  7:34  Barracks Reactor x2  
  101  7:36  Medivac  
  105  7:38  SCV x2  
  105  7:40  Marine  
  105  7:41  Medivac  
  105  7:43  SCV  
  111  7:47  Marine x2  
  111  7:48  Supply Depot  
  111  7:50  SCV x2, Supply Depot  
  115  7:51  Armory  
  115  7:52  Marine  
  114  8:00  Marine  
  114  8:01  Siege Tank  
  114  8:02  SCV  
  114  8:03  SCV, Marine  
  112  8:06  Marine  
  112  8:07  SCV  
  112  8:11  Medivac, Marine  
  117  8:16  Marine  
  117  8:19  Marine x2  
  120  8:20  Medivac  
  120  8:21  Marine x4  
  120  8:24  Marine  
  120  8:25  Factory  
  115  8:29  Marine  
  115  8:32  SCV  
  115  8:33  Marine  
  114  8:35  Supply Depot  
  114  8:37  Marine x2  
  114  8:39  Siege Tank, Marine x2  
  114  8:41  Marine x2  
  121  8:44  Terran Infantry Weapons Level 2, Medivac  
  121  8:47  SCV x2  
  127  8:49  Refinery x2  
  127  8:50  Marine x2  
  127  8:51  Marine  
  127  8:54  Marine  
  119  8:59  Marine  
  119  9:00  Marine x2  
  119  9:02  SCV x2  
  124  9:04  Marine x2  
  124  9:08  Marine x2  
  124  9:09  SCV, Marine  
  126  9:11  Siege Tank  
  126  9:14  SCV  
  130  9:18  Supply Depot, Marine  
  130  9:20  Supply Depot  
  130  9:22  Factory Tech Lab  
  130  9:25  SCV  
  130  9:28  Marine x2  
  130  9:29  SCV x2  
  118  9:34  Marine x3  
  118  9:37  SCV  
  117  9:41  SCV  
  117  9:42  SCV  
  117  9:43  Supply Depot x2  
  117  9:44  Marine  
  120  9:47  Marine  
  120  9:49  SCV  
  120  9:52  Siege Tank  
  125  9:53  SCV  
  125  9:54  SCV  
  125  9:57  Siege Tank  
  125  9:58  Marine  
  131  10:03  Medivac x2  
  131  10:04  SCV  
  134  10:07  SCV x2  
  134  10:10  Marine  
  129  10:14  Marine x4  
  129  10:15  Marine  
  129  10:17  SCV  
  129  10:19  SCV x2  
  137  10:21  Marine  
  137  10:22  Marine  
  139  10:28  Marine x2  
  139  10:29  SCV  
  139  10:31  SCV  
  139  10:32  Marine x2  
  145  10:36  Siege Tank  
  145  10:38  Siege Tank, Marine  
  145  10:39  Marine  
  153  10:46  Marine  
  145  10:50  Marine x2  
  145  10:51  Marine x4  
  145  10:56  Marine  
  152  10:57  Marine  
  153  11:04  SCV x2, Marine  
  153  11:08  Marine  
  157  11:21  Command Center  
  157  11:23  Marine  
  156  11:26  Siege Tank  
  156  11:29  Marine  
  156  11:30  Marine  
  156  11:31  Marine  
  156  11:32  Ghost Academy, Marine  
  157  11:33  Siege Tank, Supply Depot x2  
  157  11:34  Reaper  
  157  11:38  Marine  
  159  11:41  SCV x2  
  159  11:45  Marine x2  
  163  11:49  Marine x2  
  163  11:50  Marine  
  163  11:52  Marine  
  163  11:54  Marine  
  152  11:56  Marine  
Show
View Real Time Build Order
Export as new Build Order

Aristori Zerg - Winner!

Build Orders: Hatch First 

Get SALT Encoding   

  12  0:00  Drone  
  13  0:12  Overlord  
  13  0:16  Drone  
  14  0:31  Drone x2  
  16  0:48  Hatchery  
  15  0:51  Drone  
  15  0:54  Drone  
  17  0:57  Drone  
  18  1:08  Extractor  
  17  1:13  Spawning Pool  
  17  1:16  Drone  
  17  1:20  Drone  
  18  1:27  Drone  
  19  1:40  Drone  
  20  1:51  Overlord  
  20  2:00  Queen x2  
  24  2:01  Zergling x2  
  24  2:02  Zergling x2  
  26  2:10  Drone  
  26  2:11  Drone  
  28  2:20  Metabolic Boost  
  28  2:28  Spore Crawler  
  27  2:30  Drone  
  27  2:31  Drone  
  29  2:41  Hatchery  
  28  2:45  Queen  
  28  2:51  Overlord  
  30  2:53  Drone  
  30  2:56  Drone  
  30  2:57  Drone  
  33  3:01  Drone  
  33  3:02  Drone  
  35  3:07  Overlord  
  35  3:11  Drone x2  
  38  3:12  Drone  
  38  3:19  Queen  
  40  3:25  Queen  
  42  3:31  Drone x3  
  45  3:36  Overlord  
  45  3:38  Drone  
  46  3:45  Overlord  
  46  3:46  Drone x2  
  46  3:47  Drone x2  
  50  3:56  Queen  
  50  3:59  Zergling x4  
  50  4:00  Zergling x4  
  56  4:04  Overlord  
  56  4:07  Drone x2  
  58  4:10  Queen  
  60  4:21  Baneling Nest, Drone x4  
  60  4:22  Drone  
  64  4:25  Overlord  
  64  4:33  Drone x3  
  67  4:42  Zergling x2  
  67  4:43  Zergling x12  
  74  4:49  Spore Crawler x2  
  72  4:54  Overlord  
  72  4:58  Drone x6  
  78  5:00  Lair  
  78  5:08  Overlord  
  79  5:14  Drone x3  
  79  5:18  Drone, Hatchery  
  79  5:19  Extractor, Drone x3  
  79  5:20  Extractor  
  82  5:21  Extractor  
  82  5:23  Extractor  
  80  5:29  Drone  
  80  5:30  Drone x3  
  84  5:37  Drone x6  
  84  5:40  Queen  
  92  5:47  Drone x2  
  89  5:59  Evolution Chamber  
  89  6:00  Drone x6  
  89  6:01  Evolution Chamber  
  92  6:12  Drone  
  92  6:13  Drone x4  
  97  6:21  Queen  
  94  6:26  Hatchery  
  94  6:28  Zergling x2  
  94  6:29  Zergling x8  
  94  6:32  Drone x4  
  97  6:45  Zergling x14  
  97  6:46  Centrifugal Hooks  
  104  6:49  Zerg Melee Weapons Level 1, Zerg Ground Armor Level 1  
  104  6:56  Overlord x3  
  104  6:59  Overlord x2  
  104  7:07  Overlord x2  
  104  7:09  Overlord  
  104  7:10  Overlord  
  103  7:16  Zergling x14  
  103  7:21  Baneling x3  
  103  7:22  Baneling x3, Zergling x10  
  115  7:23  Zergling x4  
  115  7:29  Zergling x2  
  118  7:30  Zergling x2  
  118  7:31  Baneling x5  
  118  7:32  Baneling x5  
  118  7:35  Baneling x2  
  118  7:36  Baneling x3, Zergling x2  
  118  7:37  Zergling x6  
  123  7:38  Queen  
  123  7:43  Spore Crawler  
  124  7:46  Baneling  
  124  7:51  Drone x4  
  124  7:52  Drone x10  
  124  7:54  Baneling x3  
  124  7:56  Overlord  
  133  8:09  Baneling  
  133  8:10  Baneling x5, Zergling x12  
  133  8:11  Zergling x10  
  143  8:16  Spore Crawler x2  
  143  8:19  Spore Crawler  
  140  8:20  Spore Crawler  
  140  8:25  Zergling x4  
  140  8:26  Zergling x22  
  147  8:31  Overseer  
  144  8:40  Hydralisk Den  
  144  8:41  Zergling x14  
  142  8:42  Baneling x2  
  142  8:43  Baneling  
  142  8:45  Overlord  
  142  8:46  Overlord  
  142  8:48  Overlord  
  148  8:51  Drone x5  
  148  8:52  Drone x3  
  154  9:04  Baneling x10  
  154  9:09  Zergling x18  
  162  9:11  Baneling x11  
  162  9:14  Zerg Ground Armor Level 2, Zerg Melee Weapons Level 2, Muscular Augments  
  162  9:16  Hydralisk  
  162  9:17  Hydralisk x7  
  162  9:20  Baneling x5  
  162  9:21  Overlord  
  169  9:32  Zergling x20  
  169  9:33  Zergling x4  
  180  9:40  Spore Crawler x2  
  180  9:42  Infestation Pit, Zergling x16  
  183  9:53  Hydralisk  
  183  9:54  Hydralisk x6  
  197  10:02  Zergling x8  
  197  10:04  Baneling x7  
  196  10:19  Overlord x2  
  196  10:21  Overlord x3  
  196  10:23  Baneling x9  
  196  10:25  Grooved Spines  
  196  10:32  Overlord x2  
  196  10:36  Zergling x8  
  196  10:38  Overlord x2  
  196  10:41  Pneumatized Carapace, Hatchery  
  199  10:43  Hive  
  193  10:56  Zergling x12  
  199  11:03  Overlord  
  199  11:16  Lurker Den  
  198  11:21  Overlord x2  
  198  11:23  Overlord  
  197  11:26  Overseer  
  193  11:36  Zergling x2  
  193  11:37  Zergling x20  
  193  11:53  Zergling x2  
  193  11:54  Zergling x42  

Tags
 
Add a new tag
Caveats
  • Supply blocks, unpowered buildings, or Contaminate may cause inaccurate times.
  • Supply counts are checked every 10 seconds.